 Dungeon Crawl Stone Soup version 0.17-a0-82-g3e33fa6 (webtiles) character file.

82 Pikaro the Sneak (level 4, 0/23 HPs)
             Began as a Vine Stalker Assassin on Mar 16, 2015.
             Slain by a worker ant (6 damage)
             ... on level 4 of the Dungeon.
             The game lasted 00:04:19 (1827 turns).

Pikaro the Sneak (Vine Stalker Assassin)            Turns: 1827, Time: 00:04:19

Health: 0/23       AC:  3    Str: 14    XL:     4   Next: 43%
Magic:  0/5        EV: 11    Int: 11    God:
Gold:   186        SH:  0    Dex: 16    Spells: 0 memorised, 3 levels left

rFire  . . .     SeeInvis .     p - +4 dagger
rCold  . . .     Clarity  .     c - +0 robe
rNeg   . . .     SustAb   .     (no shield)
rPois  .         Gourm    .     (no helmet)
rElec  .         Spirit   +     d - +0 cloak
rCorr  .         Warding  .     (no gloves)
rMut   .         Stasis   .     (no boots)
MR     .....                    (no amulet)
Stlth  +++.......               (no ring)
                                (no ring)

@: not resistant to hostile enchantments, fairly stealthy
A: fangs 2, regeneration 1, magic shield, antimagic bite, no device heal 3, rot
immunity
a: no special abilities


You were on level 4 of the Dungeon.
You were not hungry.

You visited 1 branch of the dungeon, and saw 4 of its levels.

You collected 186 gold pieces.

Inventory:

Hand weapons
 b - a +0 blowgun
 p - a +4 dagger (weapon)
   (You took it off a kobold on level 2 of the Dungeon)
Missiles
 e - 40 poisoned needles
 f - 10 curare-tipped needles
Armour
 c - a +0 robe (worn)
 d - a +0 cloak (worn)
Scrolls
 h - 2 scrolls of remove curse
 i - a scroll of noise {unknown}
 l - 5 scrolls of teleportation {unknown}
 n - a scroll of magic mapping {unknown}
 r - a scroll of random uselessness {unknown}
 s - a scroll of blinking {unknown}
 t - 2 scrolls of recharging {unknown}
Potions
 a - a potion of flight
 m - a potion of invisibility
 o - a potion of heal wounds
Comestibles
 g - 4 bread rations
 j - a chunk of flesh
 k - 3 slices of pizza
 q - 3 meat rations
 u - a beef jerky


   Skills:
 - Level 1.7 Fighting
 + Level 4.1 Short Blades
 - Level 1.7 Throwing
 - Level 0.7 Dodging
 - Level 4.8 Stealth


You had 3 spell levels left.
You didn't know any spells.

Dungeon Overview and Level Annotations

Branches:
Dungeon (4/15)
 Temple: D:4-7

Altars:
Fedhas
Kikubaaqudgha
Trog
Vehumet


Innate Abilities, Weirdness & Mutations

You have extremely sharp teeth.
Your natural rate of healing is unusually fast.
When hurt, damage is shared between your health and your magic reserves.
Your bite disrupts and absorbs the magic of your enemies.
Potions and wands cannot restore your health.
You are immune to rotting.


Message History

A kobold comes into view. It is wielding a dagger.
The kobold shouts!
The kobold completely misses you.
You hit the kobold.
You kill the kobold!
No target in view!
All of the chunks of flesh in your inventory have rotted away.
A giant newt comes into view.
Found an ancient bone altar of Kikubaaqudgha.
You closely miss the giant newt. Your bite misses the giant newt.
The giant newt bites you but does no damage.
You hit the giant newt!
You kill the giant newt!
No target in view!
q - 3 meat rations (gained 1)
You are feeling hungry.
A hobgoblin comes into view. It is wielding a club.
The hobgoblin shouts!
You hit the hobgoblin!
You kill the hobgoblin!
No target in view! a club; a hobgoblin corpse You butcher the hobgoblin corpse.
j - 2 chunks of flesh You see here a club.
Eating one of 2 chunks of flesh.
You continue eating. x2
Items here: club Shadows whirl around you...
A bat comes into view.
There is a dormant shadow trap here.
You closely miss the adder. Your bite misses the adder.
The bat hits you but does no damage. The adder bites you.
You are poisoned.
The adder poisons you!
You take 3 damage, and have 20/23 hp.
You now have 4/5 mp.
You miss the adder. Your bite misses the adder.
You feel sick. The bat misses you. x2
The adder barely misses you. x2
You take 1 damage, and have 19/23 hp.
You closely miss the adder. Your bite misses the adder.
The bat barely misses you. The adder bites you. The adder bites you.
You take 1 damage, and have 18/23 hp.
You now have 3/5 mp.
You hit the adder. You bite the adder. You drain its power.
The bat closely misses you. The adder barely misses you. The adder misses you.
You hit the adder but do no damage. Your bite misses the adder.
You feel sick. The bat hits you but does no damage. x2
The adder misses you. The adder barely misses you.
The goblin hits you with a dagger.
You take 1 damage, and have 17/23 hp.
You barely miss the adder. You bite the adder. You drain its power.
The bat hits you. The bat barely misses you. The adder bites you.
The adder bites you but does no damage.
You take 5 damage, and have 12/23 hp.
MASSIVE DAMAGE!!
You now have 2/5 mp.
You miss the adder. You bite the adder, but do no damage. The bat misses you.
The goblin barely misses you. The adder bites you but does no damage.
The adder bites you.
You are more poisoned.
The adder poisons you!
You take 4 damage, and have 8/23 hp.
You hit the adder!
You kill the adder!
The adder's corpse disappears in a puff of smoke!
You feel sick. The bat hits you but does no damage.
The goblin hits you but does no damage. The adder bites you.
* * * LOW HITPOINT WARNING * * *
You take 5 damage, and have 3/23 hp.
MASSIVE DAMAGE!!
You now have 1/5 mp.
Drink which item? (? for menu, Esc to quit)
Okay, then.
Read which item? (? for menu, Esc to quit)
Okay, then.
Drink which item? (? for menu, Esc to quit)
It was a potion of heal wounds.
That seemed strangely inert.
The bat hits you but does no damage. The adder bites you.
* * * LOW HITPOINT WARNING * * *
You are more poisoned.
The adder poisons you! The goblin hits you with a dagger.
* * * LOW HITPOINT WARNING * * *
You take 1 damage, and have 2/23 hp.
You now have 0/5 mp.
Drink which item? (? for menu, Esc to quit)
It was a potion of curing.
You feel better. The adder barely misses you. The goblin misses you.
The adder barely misses you. The bat hits you but does no damage.
The bat misses you. The goblin barely misses you.
The bat hits you but does no damage. The goblin hits you but does no damage.
The adder closely misses you.
There is an escape hatch in the floor here.
The goblin hits you but does no damage.
You slide downwards.
The hatch slams shut behind you.
A worker ant comes into view.
The worker ant bites you.
* * * LOW HITPOINT WARNING * * *
You take 1 damage, and have 6/23 hp.
You now have 1/5 mp.
You closely miss the worker ant. You bite the worker ant. You drain its power.
You feel invigorated. The worker ant bites you!
You die...

### #.. #.#
#.#
####.####.#
.......a@.#
####.######


You could see a worker ant.

Vanquished Creatures
  4 adders
  3 worms
  An ooze (D:2)
  An orc (D:3)
  A giant cockroach (D:3)
  5 hobgoblins
  2 jackals (D:2)
  3 bats (D:2)
  3 giant newts
  5 goblins
  7 kobolds
  8 rats
43 creatures vanquished.

Notes
Turn   | Place    | Note
--------------------------------------------------------------
     0 | D:1      | Pikaro, the Vine Stalker Assassin, began the quest for the Orb.
     0 | D:1      | Reached XP level 1. HP: 11/11 MP: 1/1
   102 | D:1      | Reached skill level 2 in Short Blades
   308 | D:1      | Reached XP level 2. HP: 15/15 MP: 3/3
   479 | D:2      | Found a blossoming altar of Fedhas.
   747 | D:2      | Reached skill level 3 in Short Blades
   747 | D:2      | Reached XP level 3. HP: 18/18 MP: 4/4
   809 | D:2      | Found a bloodstained altar of Trog.
   903 | D:2      | Found a radiant altar of Vehumet.
  1265 | D:2      | Reached XP level 4. HP: 23/23 MP: 5/5
  1527 | D:3      | Reached skill level 4 in Short Blades
  1651 | D:3      | Found an ancient bone altar of Kikubaaqudgha.
  1804 | D:3      | HP: 3/23 [adder[the player character] (4)]
  1827 | D:4      | Slain by a worker ant

Action                   |  1- 3 |  4- 6 || total
-------------------------+-------+-------++-------
Melee: Dagger            |    56 |    32 ||    88
  Use: Scroll            |       |     3 ||     3
       Potion            |       |     2 ||     2
 Stab: Sleeping          |    10 |     3 ||    13
       Distracted        |     1 |       ||     1
  Eat: Chunk             |     1 |     2 ||     3

Vault maps used:
D:1:      sevenhm_arrival_forest_fort_large_4
D:2:      overflow_temple_1_default, fedhas_altar_3, lemuel_crystal_altar,
          first_bread, st_stairs_7
D:3:      lemuel_round_altar
D:4:      minmay_temple_entry_overgrown, uniq_sigmund, uniq_iyjb

Table legend:
 A = Turns spent in this place as a percentage of turns spent in the entire game.
 B = Non-inter-level travel turns spent in this place as a percentage of non-inter-level travel turns spent in the entire game.
 C = Inter-level travel turns spent in this place as a percentage of turns spent in this place.
 D = Turns resting spent in this place as a percentage of non-inter-level travel turns spent in this place.
 E = Turns spent auto-exploring this place as a percentage of non-inter-level travel turns spent in this place.
 F = Non-inter-level travel turns spent in this place divided by the number of levels of this place that you've seen.
                   A       B       C       D       E      F
               +-------+-------+-------+-------+-------+----------------------
         Total | 100.0 | 100.0 |   0.4 |   2.7 |  15.5 | 112.8
       Dungeon | 100.0 | 100.0 |   0.4 |   2.7 |  15.5 | 112.8
               +-------+-------+-------+-------+-------+----------------------

Table legend:
 A = Kills in this place as a percentage of kills in entire the game.
 B = Kills by you in this place as a percentage of kills by you in the entire game.
 C = Kills by friends in this place as a percentage of kills by friends in the entire game.
 D = Other kills in this place as a percentage of other kills in the entire game.
 E = Experience gained in this place as a percentage of experience gained in the entire game.
 F = Experience gained in this place divided by the number of levels of this place that you have seen.
                   A       B       C       D       E      F
               +-------+-------+-------+-------+-------+----------------------
         Total | 100.0 | 100.0 |  -nan |  -nan | 100.0 |  29.5
       Dungeon | 100.0 | 100.0 |  -nan |  -nan | 100.0 |  29.5
               +-------+-------+-------+-------+-------+----------------------
